 Dungeon Crawl Stone Soup version 0.30.0-30-g96aa6591b8 (webtiles) character file.

Game seed: 5117508983144397801

59 Ayven the Trooper (level 4, 0/40 HPs)
             Began as a Hill Orc Fighter on June 27, 2023.
             Slain by Grinder (3 damage)
             ... while paralysed by Grinder
             ... on level 3 of the Dungeon.
             The game lasted 00:06:01 (1348 turns).

Ayven the Trooper (Hill Orc Fighter)                Turns: 1348, Time: 00:06:06

Health: 0/40       AC: 11    Str: 20    XL:     4   Next: 3%
Magic:  4/4        EV:  2    Int:  8    God:
Gold:   89         SH:  0    Dex: 10    Spells: 3/3 levels left

rFire   x . .        a - +0 war axe
rCold   + . .        c - +0 buckler
rNeg    . . .        o - +0 plate armour
rPois   .            (no helmet)
rElec   .            (no cloak)
rCorr   .            (no gloves)
SInv    .            (no boots)
Will    .....        (no amulet) Stlth
                     n - ring of ice
HPRegen 0.26/turn    (no ring)
MPRegen 0.09/turn

%: no passive effects
@: paralysed
A: no striking features
a: no special abilities


You were on level 3 of the Dungeon.
You visited 1 branch of the dungeon, and saw 3 of its levels.

You collected 89 gold pieces.

Inventory:

Hand Weapons
 a - a +0 war axe (weapon)
Armour
 b - a +0 scale mail
 c - a +0 buckler (worn)
 o - a +0 plate armour (worn)
Magical Staves
 k - a staff of cold
 q - a staff of conjuration
Jewellery
 n - a ring of ice (left hand)
Wands
 f - a wand of paralysis (9)
Scrolls
 e - 2 scrolls of identify
 g - a scroll of magic mapping
Potions
 d - a potion of might


   Skills:
 + Level 4.1 Fighting
 + Level 4.1 Axes
 + Level 3.6 Armour
 + Level 0.3 Dodging
 + Level 3.6 Shields


You had 3 spell levels left.
You didn't know any spells.
Your spell library was empty.

Dungeon Overview and Level Annotations

Branches:
Dungeon (3/15)

Altars:

Shops:
D:2 !

Annotations:
D:3 Grinder


Message History

You block Grinder's attack.
You slash Grinder!
Grinder is heavily wounded.
Grinder drinks a potion.
Grinder is healed!
You barely miss Grinder.
Grinder is lightly wounded.
You block Grinder's attack. Grinder gestures at you.
You barely resist. You hit Grinder but do no damage.
Grinder is lightly wounded.
Grinder blinks!
Grinder gestures at you. You resist with significant effort.
Aiming: Paralyse
Press: ? - help, Shift-Dir - straight line, f - Grinder
Aim: Grinder (lightly wounded, chance to affect: 49%)
Okay, then.
The worm bites you! Grinder gestures at you.
You suddenly lose the ability to move!
Grinder hits you but does no damage. The worm completely misses you.
Grinder hits you!
You writhe in agony.
Grinder hits you.
You writhe in agony.
* * * LOW HITPOINT WARNING * * *
The worm bites you but does no damage.
You can move again.
You see here an adder corpse.
You slash Grinder!
Grinder is moderately wounded.
You hit the worm. Grinder hits you but does no damage.
The worm bites you but does no damage.
You hit Grinder.
Grinder is heavily wounded.
You slash the worm! Grinder gestures at you.
You suddenly lose the ability to move!
Grinder hits you.
* * * LOW HITPOINT WARNING * * *
You writhe in agony.
You die...

#########.#
##.## #...####
.......#....#
######...##.#
###.###.#
<...###.####
..#........##
##.#..#####@5#
#... #w#..#
#..# #g# #.#
#. #=# .# #
#?. .. #.# .#
#.# .# .#


You could see Grinder, a worm and a hobgoblin.

Vanquished Creatures
  An adder (D:3)
  3 worms
  A dart slug (D:1)
  A bat (D:2)
  3 endoplasms (D:2)
  2 giant cockroaches (D:2)
  6 goblins
  5 hobgoblins
  3 jackals (D:2)
  2 ball pythons (D:1)
  4 frilled lizards
  A kobold (D:2)
  4 rats
36 creatures vanquished.

Notes
Turn   | Place    | Note
-------+----------+-------------------------------------------
     0 | D:1      | Ayven the Hill Orc Fighter began the quest for the Orb.
     0 | D:1      | Reached XP level 1. HP: 19/19 MP: 1/1
   158 | D:1      | Reached XP level 2. HP: 27/27 MP: 2/2
   798 | D:2      | Found Haaten's Distillery.
   880 | D:2      | Found a faded altar of an unknown god.
   955 | D:2      | Reached XP level 3. HP: 33/33 MP: 3/3
  1330 | D:3      | Noticed Grinder
  1335 | D:3      | Reached XP level 4. HP: 39/40 MP: 4/4
  1343 | D:3      | Paralysed by Grinder for 4 turns
  1348 | D:3      | Paralysed by Grinder for 5 turns
  1348 | D:3      | Slain by Grinder

Illustrated notes

Levels and vault maps discovered:
D:1:      lemuel_arrival_cross, layout_basic
D:2:      layout_rooms, nicolae_ecumenical_lake_church, serial_shops, shop
D:3:      cheibrodos_helix_gallery, layout_loops_ring, minmay_circle_x,
          uniq_jessica, uniq_grinder, uniq_robin, uniq_ijyb

Skill      XL: |  1  2  3 |
---------------+----------+-----
Axes           | 3 4 |  4.1
Fighting       | 4 |  4.1
Armour         | |  3.6
Dodging        | |  0.3
Shields        | |  3.6

Action                     |  1- 3 |  4- 6 || total
---------------------------+-------+-------++-------
  Melee: War axe           |    87 |     9 ||    96
    Use: Scroll            |     4 |       ||     4
         Potion            |     5 |       ||     5
 Armour: Scale mail        |    24 |       ||    24
         Plate armour      |    42 |     4 ||    46
  Dodge: Dodged            |    26 |     1 ||    27
  Block: Buckler           |    21 |     3 ||    24
